 Dungeon Crawl Stone Soup version 0.31-a0-596-g831eee08f1 (webtiles) character file.

Game seed: 10397117753998785925

10 thirtiethelement the Trooper (level 2, -1/24 HPs)
             Began as a Demonspawn Cinder Acolyte on Aug 20, 2023.
             Was a High Priest of Ignis.
             Slain by an endoplasm (2 damage)
             ... on level 1 of the Dungeon.
             The game lasted 00:00:30 (163 turns).

thirtiethelement the Trooper (DsCA)                  Turns: 163, Time: 00:00:31

Health: -1/24      AC:  2    Str: 14    XL:     2   Next: 10%
Magic:  3/3        EV: 11    Int: 15    God:    Ignis [*****.]
Gold:   8          SH:  4    Dex:  8    Spells: 3/3 levels left

rFire   + . .        a - -1 falchion (flame)
rCold   . . .        (no shield)
rNeg    . . .        b - +0 robe
rPois   .            (no helmet)
rElec   .            (no cloak)
rCorr   .            (no gloves)
SInv    .            (no boots)
Will    .....        (no amulet)
Stlth   +            (no ring)
HPRegen 0.24/turn    (no ring)
MPRegen 0.08/turn

%: no passive effects
@: no status effects
A: large bone plates 1
a: Renounce Religion, Fiery Armour, Foxfire Swarm, Rising Flame


You were on level 1 of the Dungeon.
You worshipped Ignis.
Ignis was extremely pleased with you.
You visited 1 branch of the dungeon, and saw 1 of its levels.

You collected 8 gold pieces.

Inventory:

Hand Weapons
 a - a -1 falchion of flaming (weapon)
Armour
 b - a +0 robe (worn)
Potions
 c - a potion of attraction {unknown}


   Skills:
 + Level 3.3 Fighting
 + Level 2.9 Long Blades
 + Level 1.0 Spellcasting
 + Level 2.8 Fire Magic


You had 3 spell levels left.
You didn't know any spells.
Your spell library contained the following spells:

 Spells                   Type           Power      Damage    Failure   Level
 Scorch                   Fire           18%        2d5       12%         2


Dungeon Overview and Level Annotations

Branches:
Dungeon (1/15)

Altars:


Innate Abilities, Weirdness & Mutations

You are partially covered in large bone plates. (SH +4)


Message History

The kobold throws a stone.
The stone hits you but does no damage.
A quokka comes into view.
The goblin hits you with a +0 dagger.
You hit the goblin but do no damage. The goblin hits you with a +0 dagger.
You hit the goblin. You burn the goblin.
You kill the goblin!
The kobold hits you with a +0 dagger. x2
You have reached level 2!
Your demonic ancestry asserts itself...
Large bone plates grow over parts of your arms.
You hit the kobold but do no damage. You block the kobold's attack.
The endoplasm closely misses you.
You slash the kobold! You burn the kobold.
You kill the kobold!
The endoplasm freezes you.
You are frozen.
The quokka closely misses you.
You hit the quokka. You burn the quokka.
The quokka is almost dead.
The quokka bites you.
* * * LOW HITPOINT WARNING * * *
You block the endoplasm's attack.
You completely miss the quokka.
The quokka is almost dead.
The quokka closely misses you. The endoplasm closely misses you.
You closely miss the quokka.
The quokka is almost dead.
You block the quokka's attack. The endoplasm freezes you.
You are frozen.
* * * LOW HITPOINT WARNING * * *
The quokka closely misses you.
You hit the quokka. You burn the quokka.
You kill the quokka!
The endoplasm hits you but does no damage.
You completely miss the endoplasm. The endoplasm freezes you.
You are frozen.
* * * LOW HITPOINT WARNING * * *
The endoplasm hits you.
You die...

#.........#
#.........#
#...$.....#
#.........#
#.....$...# ...
#.........# ....
#..))...##.......h
#.J@..# #.>......
.####...#####........
.....................
..###....##..........
#........#........
#....#............
.....#.#.....####
##...#.....#....######
...........##........#


You could see an endoplasm.

Vanquished Creatures
  An endoplasm (D:1)
  A goblin (D:1)
  3 jackals (D:1)
  A quokka (D:1)
  A kobold (D:1)
  2 rats (D:1)
9 creatures vanquished.

Notes
Turn   | Place    | Note
-------+----------+-------------------------------------------
     0 | D:1      | thirtiethelement the Demonspawn Cinder Acolyte began the
                  | quest for the Orb.
     0 | D:1      | Reached XP level 1. HP: 18/18 MP: 2/2
   157 | D:1      | Gained mutation: You are partially covered in large bone
                  | plates. (SH +4) [demonic ancestry]
   157 | D:1      | Reached XP level 2. HP: 12/24 MP: 3/3
   163 | D:1      | HP: 1/24 [frozen (4)]
   163 | D:1      | Slain by an endoplasm

Illustrated notes

Levels and vault maps discovered:
D:1:      tarquinn_simple_flora_water_d, layout_rooms, minmay_pentomino_v4

Action                     || total
---------------------------++-------
  Melee: Falchion          ||    36
 Armour: Robe              ||    10
  Dodge: Dodged            ||    22
  Block: Other             ||     3

Table legend: (Time is in decaauts)
 A = Elapsed time spent in this place.
 B = Non-inter-level travel time spent in this place.
 C = Inter-level travel time spent in this place.
 D = Time resting spent in this place.
 E = Time spent auto-exploring this place.
 F = Levels seen in this place.
 G = Mean time per level.
                   A        B        C        D        E       F      G
               +--------+--------+--------+--------+--------+-----+--------+
         Total |    168 |    168 |      0 |      0 |    111 |   1 |  168.0 |
       Dungeon |    168 |    168 |      0 |      0 |    111 |   1 |  168.0 |
               +--------+--------+--------+--------+--------+-----+--------+

Top non-repeatable levels by time:
     D:1: 168 daAuts
